 Dungeon Crawl Stone Soup version 0.27-a0-1187-ge80a49f48c (webtiles) character file.

Game seed: 5524887493008618013

96 Fv001 the Shield-Bearer (level 4, -1/52 HPs)
             Began as a Demonspawn Fighter on May 17, 2021.
             Succumbed to Ijyb's poison
             ... on level 3 of the Dungeon on May 20, 2021.
             The game lasted 00:05:02 (2474 turns).

Fv001 the Shield-Bearer (Demonspawn Fighter)        Turns: 2474, Time: 00:05:02

Health: -1/52      AC: 22    Str: 16    XL:     4   Next: 41%
Magic:  4/4        EV:  2    Int: 10    God:
Gold:   99         SH:  9    Dex: 13    Spells: 3/3 levels left

rFire    . . .     SeeInvis .   a - +0 whip (elec)
rCold    . . .     Faith    .   c - +0 kite shield
rNeg     + + +     Spirit   .   (armour currently unavailable)
rPois    +         Reflect  .   (helmet currently unavailable)
rElec    .         Harm     .   (cloak currently unavailable)
rCorr    .         Rampage  .   (gloves currently unavailable)
Will     .....     NoTele   +   (boots currently unavailable)
Stlth    +.........             (no amulet)
HPRegen  0.17/turn              (no ring)
MPRegen  0.09/turn              (no ring)

@: lethally poisoned (-1 -> -26), tree-form, attractive
A: stationary, stasis, torment immunity, boosted hp, (horns 1), powered by pain
1
a: no special abilities


You were on level 3 of the Dungeon.
You were a tree.
You visited 1 branch of the dungeon, and saw 3 of its levels.

You collected 99 gold pieces.

Inventory:

Hand Weapons
 a - a +0 whip of electrocution (weapon)
 b - a +0 hunting sling
 n - a +0 flail
Missiles
 o - 6 sling bullets
Armour
 c - a +0 kite shield (worn)
 f - a +0 chain mail (melded)
 l - a +0 helmet
Jewellery
 h - a ring of magical power
 m - a ring of flight
Scrolls
 e - a scroll of identify {unknown}
 p - a scroll of enchant weapon {unknown}
 q - a scroll of teleportation {unknown}
Potions
 d - a potion of might
 i - a potion of heal wounds {unknown}
 j - a potion of attraction
 k - a potion of brilliance {unknown}


   Skills:
 + Level 3.3 Fighting
 + Level 2.4 Maces & Flails
 + Level 3.3 Armour
 + Level 0.2 Dodging
 + Level 3.6 Shields


You had 3 spell levels left.
You didn't know any spells.
Your spell library was empty.

Dungeon Overview and Level Annotations

Branches:
Dungeon (3/15)

Altars:

Annotations:
D:3 Ijyb


Innate Abilities, Weirdness & Mutations

You are a tree.
Your roots penetrate the ground, keeping you stationary.
You cannot be teleported.
You are immune to unholy pain and torment.
Your maximum health is greatly increased.
Your equipment is partially melded.
((You have a pair of small horns on your head.))
You sometimes gain a little power by taking damage.


Message History

Here: Ijyb, wielding a +2 dagger of venom, wearing a +0 leather armour and carrying a wand of flame (11)
The floor.
You hear the crackle of electricity.
a - a +0 whip of electrocution (weapon)
You feel sick.
You are no longer poisoned.
You barely miss the giant cockroach.
You headbutt the giant cockroach, but do no damage.
You block the giant cockroach's attack. The giant cockroach bites you.
You hit the giant cockroach.
The giant cockroach is almost dead.
The giant cockroach bites you.
You barely miss the giant cockroach. You headbutt the giant cockroach.
You kill the giant cockroach!
You barely miss the kobold. You block the kobold's attack.
The kobold barely misses you.
You hit the kobold but do no damage. Lightning courses through the kobold!!
You kill the kobold!
Ijyb zaps a wand.
The puff of flame hits you!
You closely miss Ijyb. Ijyb hits you but does no damage.
You are poisoned.
You block Ijyb's attack.
You closely miss Ijyb. You headbutt Ijyb.
Ijyb is lightly wounded.
You feel very sick.
Ijyb hits you with a +2 dagger of venom.
* * * LOW HITPOINT WARNING * * *
You are lethally poisoned!
Unknown command.
It was a potion of attraction.
You feel attractive to monsters.
* * * LOW HITPOINT WARNING * * *
You feel very sick.
Ijyb hits you with a +2 dagger of venom.
* * * LOW HITPOINT WARNING * * *
You are more poisoned.
It was a potion of lignification.
You turn into a tree.
Your +0 chain mail melds into your body.
Your roots penetrate the ground.
You die...

###.#######......#
#.............#..#
##.....#####......#
............#......#
###.(...##..########
...............####
#####.......$.....###
#.#..#.g##.#.....
#......(♣.....##.
#.##.#..##.....#
.....#..###)......
.....(.# ...##.#
###.##. ..... . ...
.( ....## ... ##
....# .. ..#


You could see Ijyb.

Vanquished Creatures
  Jessica (D:3)
  3 adders (D:2)
  A worm (D:2)
  3 dart slugs
  4 endoplasms
  2 giant cockroaches
  2 goblins
  2 hobgoblins
  6 kobolds
  A quokka (D:1)
  4 ball pythons
  4 bats
  A rat (D:2)
34 creatures vanquished.

Vanquished Creatures (others)
  13 plants
13 creatures vanquished.

Grand Total: 47 creatures vanquished

Notes
Turn   | Place    | Note
-------+----------+-------------------------------------------
     0 | D:1      | Fv001 the Demonspawn Fighter began the quest for the Orb.
     0 | D:1      | Reached XP level 1. HP: 18/18 MP: 1/1
   234 | D:1      | Gained mutation: You sometimes gain a little power by
                  | taking damage. [demonic ancestry]
   234 | D:1      | Reached XP level 2. HP: 24/24 MP: 2/2
   455 | D:1      | Upgraded the game from 0.27-a0-1180-g7fc4abc71e to
                  | 0.27-a0-1187-ge80a49f48c
  1022 | D:1      | You fall into a shaft and drop 1 floor!
  1048 | D:2      | Reached XP level 3. HP: 20/29 MP: 3/3
  2338 | D:3      | Noticed Jessica
  2340 | D:3      | Killed Jessica
  2341 | D:3      | Gained mutation: You have a pair of small horns on your
                  | head. [demonic ancestry]
  2341 | D:3      | Reached XP level 4. HP: 35/35 MP: 4/4
  2454 | D:3      | Noticed Ijyb
  2474 | D:3      | Succumbed to Ijyb's poison

Illustrated notes

Levels and vault maps discovered:
D:1:      ncdulo_smallfort, layout_loops_cross, serial_bayou_pond_a,
          minmay_statues_item, dk_noncrumbling_2, serial_bayou_pond_c,
          minmay_misc_feat_doors, minmay_misc_feat_plants
D:2:      layout_rooms, serial_aquarium, aquarium_bridge_square
          [aquarium_subvault_bridge, aquarium_subvault_window,
          aquarium_subvault_window, aquarium_subvault_bridge],
          aquarium_window_fake, aquarium_window_fake, aquarium_window_2,
          aquarium_view_2f, grunt_ministairs_13, serial_bayou_lake_a
D:3:      layout_loops_cross, uniq_ijyb, uniq_jessica

Skill      XL: |  1  2  3 |
---------------+----------+-----
Shields        | 3 |  3.6
Maces & Flails | 2 |  2.4
Armour         | 3 |  3.3
Fighting       | |  3.3
Dodging        | |  0.2

Action                   |  1- 3 |  4- 6 || total
-------------------------+-------+-------++-------
Melee: Flail             |    30 |       ||    30
       Whip              |    71 |    11 ||    82
       Headbutt          |       |     4 ||     4
 Fire: Hunting sling     |       |     6 ||     6
  Use: Potion            |       |     2 ||     2
Armor: Chain mail        |    44 |     5 ||    49
       Scale mail        |     1 |       ||     1
Dodge: Dodged            |    13 |     2 ||    15
Block: Kite shield       |    48 |     6 ||    54

Table legend: (Time is in decaauts)
 A = Elapsed time spent in this place.
 B = Non-inter-level travel time spent in this place.
 C = Inter-level travel time spent in this place.
 D = Time resting spent in this place.
 E = Time spent auto-exploring this place.
 F = Levels seen in this place.
 G = Mean time per level.
                   A        B        C        D        E       F      G
               +--------+--------+--------+--------+--------+-----+--------+
         Total |   2523 |   2472 |     51 |      0 |   2039 |   3 |  841.0 |
       Dungeon |   2523 |   2472 |     51 |      0 |   2039 |   3 |  841.0 |
               +--------+--------+--------+--------+--------+-----+--------+

Top non-repeatable levels by time:
     D:1: 1306 daAuts
     D:2: 997 daAuts
     D:3: 220 daAuts
